 Dungeon Crawl Stone Soup version 0.28-a0-773-g130ae17fe5 (webtiles) character file.

Game seed: 16855423993366626869

2079 Woods the Insei (level 9, -3/67 HPs)
             Began as a Gnoll Transmuter on Nov 1, 2021.
             Was an Initiate of Cheibriados.
             Slain by a five-headed hydra (15 damage)
             ... on level 7 of the Dungeon.
             The game lasted 00:14:50 (8493 turns).

Woods the Insei (Gnoll Transmuter)                  Turns: 8493, Time: 00:14:51

Health: -3/67      AC:  3    Str: 10    XL:     9   Next: 26%
Magic:  15/18      EV: 16    Int: 17    God:    Cheibriados [......]
Gold:   258        SH:  0    Dex: 20    Spells: 9/21 levels left

rFire   . . .      SeeInvis .     - Unarmed
rCold   x . .      Faith    .   (no shield)
rNeg    . . .      Spirit   .   x - +1 robe of Ru's Brutal Revenge {+Inv rC- Regen+}
rPois   .          Reflect  .   w - +0 hat
rElec   .          Harm     .   (no cloak)
rCorr   .          Rampage  .   (no gloves)
Will    .....                   (no boots)
Stlth   +++.......              (no amulet)
HPRegen 1.21/turn               j - +6 ring of dexterity
MPRegen 0.16/turn               (no ring)

@: very slightly contaminated, very slow
A: fangs 1, strong nose, distributed training
a: Renounce Religion, Evoke Invisibility, Bend Time


You were on level 7 of the Dungeon.
You worshipped Cheibriados.
Cheibriados was noncommittal.
You visited 2 branches of the dungeon, and saw 8 of its levels.

You collected 258 gold pieces.

Inventory:

Armour
 a - a +0 robe
 w - a +0 hat (worn)
 x - the +1 robe of Ru's Brutal Revenge (worn) {+Inv rC- Regen+}
   (You found it on level 6 of the Dungeon)

   rC:        It makes you vulnerable to cold.
   +Inv:      It lets you turn invisible.
   Regen:     It increases your rate of health regeneration.
Jewellery
 j - a +6 ring of dexterity (left hand)
 o - a ring of protection from cold
Wands
 k - a wand of digging (4)
Scrolls
 c - a scroll of vulnerability {unknown}
 d - 2 scrolls of immolation
 e - 3 scrolls of identify {unknown}
 p - 2 scrolls of magic mapping {unknown}
 r - 2 scrolls of fear {unknown}
 s - a scroll of amnesia {unknown}
 t - a scroll of enchant weapon {unknown}
 u - a scroll of noise {unknown}
 v - a scroll of blinking {unknown}
Potions
 b - 3 potions of resistance {unknown}
 g - a potion of invisibility {unknown}
 h - 2 potions of mutation {unknown}
 i - a potion of magic {unknown}
 l - 2 potions of attraction {unknown}
 m - a potion of curing {unknown}
 n - a potion of brilliance {unknown}
 q - a potion of haste {unknown}
 z - a potion of ambrosia {unknown}


   Skills:
 + Level 4.9 Fighting
 + Level 4.0 Short Blades
 + Level 4.0 Long Blades
 + Level 4.0 Axes
 + Level 4.0 Maces & Flails
 + Level 4.0 Polearms
 + Level 4.0 Staves
 + Level 4.0 Slings
 + Level 4.0 Bows
 + Level 4.0 Crossbows
 + Level 4.0 Throwing
 + Level 4.0 Armour
 + Level 6.2 Dodging
 + Level 4.0 Stealth
 + Level 4.0 Shields
 + Level 7.8 Unarmed Combat
 + Level 6.5 Spellcasting
 + Level 3.3 Conjurations
 + Level 3.3 Hexes
 + Level 3.3 Summonings
 + Level 3.3 Necromancy
 + Level 3.3 Translocations
 + Level 5.1 Transmutations
 + Level 3.3 Fire Magic
 + Level 3.3 Ice Magic
 + Level 3.3 Air Magic
 + Level 3.3 Earth Magic
 + Level 3.3 Poison Magic
 + Level 4.5 Invocations
 + Level 4.0 Evocations


You had 9 spell levels left.
You knew the following spells:

 Your Spells              Type           Power      Damage    Failure   Level
a - Beastly Appendage     Tmut           46%        N/A       1%          1
b - Wereblood             Tmut           23%        N/A       2%          2
c - Spider Form           Tmut/Pois      20%        N/A       6%          3
d - Ice Form              Ice/Tmut       20%        N/A       22%         4
e - Passwall              Tmut/Erth      16%        N/A       3%          2

Your spell library contained the following spells:

 Spells                   Type           Power      Damage    Failure   Level
 Animate Skeleton         Necr           32%        N/A       3%          1
 Apportation              Tloc           32%        N/A       3%          1
 Sandblast                Erth           32%        2d9       3%          1
 Summon Small Mammal      Summ           64%        N/A       3%          1
 Ensorcelled Hibernation  Hex/Ice        32%        N/A       4%          2
 Sublimation of Blood     Necr           16%        N/A       4%          2
 Stone Arrow              Conj/Erth      32%        3d9       10%         3
 Tukima's Dance           Hex            16%        N/A       10%         3
 Freezing Cloud           Conj/Ice/Air   8%         6-21      65%         5
 Ozocubu's Refrigeration  Ice            8%         4d6       100%        7
 Summon Hydra             Summ           8%         N/A       100%        7
 Necromutation            Tmut/Necr      10%        N/A       100%        8


Dungeon Overview and Level Annotations

Branches:
Dungeon (7/15)             Temple (1/1) D:5

Altars:
Ashenzari
Cheibriados
Dithmenos
Elyvilon
Fedhas
Gozag
Hepliaklqana
Kikubaaqudgha
Makhleb
Nemelex Xobeh
Okawaru
Qazlal
Ru
Sif Muna
Trog
Uskayaw
Vehumet
Wu Jian
Xom
Yredelemnul
Zin
The Shining One

Shops:
D:3 =


Innate Abilities, Weirdness & Mutations

You have very sharp teeth.
Your uncanny sense of smell can sniff out nearby items.
Your experience applies equally to all skills.


Message History

(V) Vehumet (W) Wu Jian (X) Xom (Y) Yredelemnul (Z) Zin (1) TSO Go to which altar? (? - help)
There is a snail-covered altar of Cheibriados here.
You kneel at the altar of Cheibriados.
Cheibriados welcomes you!
Cheibriados begins to support your attributes as your movement slows.
You can now bend time to slow others.
There is a bloodstained altar of Trog here.
There is a staircase back to the Dungeon here.
You climb upwards.
Welcome back to the Dungeon!
There is a staircase to the Ecumenical Temple here.
You enter the shallow water.
Moving in this stuff is going to be slow.
There is a stone staircase leading down here.
You climb downwards.
There is a stone staircase leading up here.
There is a stone staircase leading down here.
You climb downwards.
There is a stone staircase leading up here.
The five-headed hydra closely misses you.
The five-headed hydra barely misses you.
The five-headed hydra misses you. The five-headed hydra bites you!
The five-headed hydra bites you but does no damage.
The five-headed hydra misses you. The five-headed hydra bites you. x2
The five-headed hydra closely misses you.
The five-headed hydra barely misses you.
Casting: Spider Form (dangerous; 6% risk of failure)
Confirm with . or Enter, or press ? or * to list all spells.
You miscast Spider Form.
You are very lightly contaminated with residual magic.
Nothing appears to happen.
The five-headed hydra misses you.
The five-headed hydra closely misses you.
The five-headed hydra bites you! The five-headed hydra bites you.
The five-headed hydra bites you!
You feel much better. The five-headed hydra bites you.
The five-headed hydra misses you. The five-headed hydra bites you! x2
* * * LOW HITPOINT WARNING * * *
The five-headed hydra bites you!
You die...

#...............##.###....
######.................#....
........)....................
#######..........###.........
#..........# #.........
#..........# #.........
#..........# #.........
##....D...## ######....
##....@...## #....
#.........[# ##...
#..........# ##..
#..........# ### #..........#
#..........# ##.....)..##
##.....<## ########


You could see a five-headed hydra.

Vanquished Creatures
  Sigmund (D:2)
  2 water moccasins (D:7)
  2 ice beasts
  2 black bears (D:7)
  A necrophage (D:5)
  A centaur (D:6)
  2 phantoms
  A gnoll sergeant (D:6)
  A scorpion (D:5)
  A water moccasin skeleton (D:5)
  3 centaur zombies
  2 bullfrog zombies
  A jelly (D:5)
  A hound (D:5)
  4 gnoll shamans
  2 centaur skeletons
  Terence (D:3)
  Natasha (D:3)
  3 iguanas
  A killer bee zombie (D:7)
  Robin (D:2)
  15 gnolls
  A howler monkey skeleton (D:4)
  8 adders
  A shadow imp (D:6)
  A white imp (D:6)
  5 worms
  3 dart slugs
  3 orcs
  4 bats
  6 endoplasms
  4 giant cockroaches
  9 goblins
  6 hobgoblins
  7 jackals
  A quokka (D:5)
  3 ball pythons
  4 frilled lizards (D:1)
  5 kobolds
  5 rats
125 creatures vanquished.

Notes
Turn   | Place    | Note
-------+----------+-------------------------------------------
     0 | D:1      | Woods the Gnoll Transmuter began the quest for the Orb.
     0 | D:1      | Reached XP level 1. HP: 17/17 MP: 6/6
   162 | D:1      | Reached XP level 2. HP: 17/23 MP: 5/7
   761 | D:1      | Reached XP level 3. HP: 28/28 MP: 7/9
   788 | D:1      | Reached skill level 5 in Spellcasting
  1112 | D:2      | Reached skill level 1 in Invocations
  1145 | D:2      | Noticed Robin
  1164 | D:2      | Reached skill level 1 in Short Blades
  1164 | D:2      | Reached skill level 1 in Long Blades
  1164 | D:2      | Reached skill level 1 in Axes
  1164 | D:2      | Reached skill level 1 in Maces & Flails
  1164 | D:2      | Reached skill level 1 in Polearms
  1164 | D:2      | Reached skill level 1 in Staves
  1164 | D:2      | Reached skill level 1 in Slings
  1164 | D:2      | Reached skill level 1 in Bows
  1164 | D:2      | Reached skill level 1 in Crossbows
  1164 | D:2      | Reached skill level 1 in Throwing
  1164 | D:2      | Reached skill level 1 in Armour
  1164 | D:2      | Reached skill level 1 in Stealth
  1164 | D:2      | Reached skill level 1 in Shields
  1164 | D:2      | Reached skill level 1 in Evocations
  1373 | D:1      | Learned a level 2 spell: Wereblood
  1377 | D:1      | Learned a level 3 spell: Spider Form
  1383 | D:2      | Killed Robin
  1384 | D:2      | Reached XP level 4. HP: 34/34 MP: 7/11
  1418 | D:2      | Noticed Sigmund
  1444 | D:2      | Killed Sigmund
  1445 | D:2      | Reached skill level 1 in Conjurations
  1445 | D:2      | Reached skill level 1 in Hexes
  1445 | D:2      | Reached skill level 1 in Summonings
  1445 | D:2      | Reached skill level 1 in Necromancy
  1445 | D:2      | Reached skill level 1 in Translocations
  1445 | D:2      | Reached skill level 1 in Fire Magic
  1445 | D:2      | Reached skill level 1 in Ice Magic
  1445 | D:2      | Reached skill level 1 in Air Magic
  1445 | D:2      | Reached skill level 1 in Earth Magic
  1445 | D:2      | Reached skill level 1 in Poison Magic
  1445 | D:2      | Reached XP level 5. HP: 22/41 MP: 9/12
  2636 | D:2      | Found a faded altar of an unknown god.
  2710 | D:3      | Found a hide-covered altar of Uskayaw.
  2759 | D:3      | Found an ornate altar of the Wu Jian Council.
  2783 | D:3      | Reached XP level 6. HP: 44/47 MP: 11/13
  3264 | D:3      | Found Jiosm's Jewellery Shop.
  3290 | D:3      | Noticed Terence
  3305 | D:3      | Killed Terence
  3379 | D:3      | Noticed Natasha
  3398 | D:3      | Killed Natasha
  3399 | D:3      | Reached skill level 5 in Dodging
  4761 | D:4      | Found a blossoming altar of Fedhas.
  4781 | D:4      | Found an iron altar of Okawaru.
  4782 | D:4      | Found a burning altar of Makhleb.
  4783 | D:4      | Found a glowing golden altar of the Shining One.
  4825 | D:4      | Reached XP level 7. HP: 43/52 MP: 12/15
  4937 | D:4      | Reached skill level 7 in Unarmed Combat
  5142 | D:4      | Got the Incunabulum of Glacial Dark Rites
  5310 | D:5      | Entered Level 5 of the Dungeon
  5930 | D:5      | Reached XP level 8. HP: 30/60 MP: 14/16
  6089 | D:5      | Found a staircase to the Ecumenical Temple.
  6947 | D:6      | Identified the +1 robe of Ru's Brutal Revenge {+Inv rC-
                  | Regen+}
  7716 | D:7      | Noticed a five-headed hydra
  7826 | D:7      | Reached XP level 9. HP: 57/66 MP: 14/18
  7897 | D:7      | Reached skill level 5 in Transmutations
  8123 | D:7      | Learned a level 4 spell: Ice Form
  8126 | D:7      | Learned a level 2 spell: Passwall
  8265 | Temple   | Entered the Ecumenical Temple
  8439 | Temple   | Became a worshipper of Cheibriados the Contemplative
  8493 | D:7      | Slain by a five-headed hydra

Illustrated notes

Levels and vault maps discovered:
D:1:      dpeg_arrival_arbitrary_c, layout_basic, kennysheep_minor_cross,
          chequers_decorated_corner
D:2:      layout_loops_ring, basic_ecumenical_altar, minmay_misc_feat_room,
          patterned_corridor, uniq_robin, uniq_sigmund
D:3:      layout_loops_ring, mainiacjoe_overflow_paths,
          mainiacjoe_overflow_24_doors, serial_shops, shop,
          kennysheep_generic_room_7, uniq_natasha, uniq_terence
D:4:      minmay_clustersquares, layout_rooms, mainiacjoe_overflow_alcove_3
D:5:      layout_loops_cross, minmay_temple_entry_mist
D:6:      layout_loops_ring
D:7:      layout_rooms, minmay_the_grid_2x2 [minmay_the_grid_outer_circle,
          minmay_the_grid_empty, minmay_the_grid_gridbox,
          minmay_the_grid_prize_four_corners_diamond_a]
Temple:   eino_temple_rhombus

Skill      XL: |  1  2  3  4  5  6  7  8  9 |
---------------+----------------------------+-----
Spellcasting   | 5 6 |  6.5
Invocations    | 1 2 3 4 |  4.5
Short Blades   | 1 2 3 4 |  4.0
Long Blades    | 1 2 3 4 |  4.0
Axes           | 1 2 3 4 |  4.0
Maces & Flails | 1 2 3 4 |  4.0
Polearms       | 1 2 3 4 |  4.0
Staves         | 1 2 3 4 |  4.0
Slings         | 1 2 3 4 |  4.0
Bows           | 1 2 3 4 |  4.0
Crossbows      | 1 2 3 4 |  4.0
Throwing       | 1 2 3 4 |  4.0
Armour         | 1 2 3 4 |  4.0
Stealth        | 1 2 3 4 |  4.0
Shields        | 1 2 3 4 |  4.0
Evocations     | 1 2 3 4 |  4.0
Fighting       | 3 4 |  4.9
Conjurations   | 1 2 3 |  3.3
Hexes          | 1 2 3 |  3.3
Summonings     | 1 2 3 |  3.3
Necromancy     | 1 2 3 |  3.3
Translocations | 1 2 3 |  3.3
Transmutations | 4 5 |  5.1
Fire Magic     | 1 2 3 |  3.3
Ice Magic      | 1 2 3 |  3.3
Air Magic      | 1 2 3 |  3.3
Earth Magic    | 1 2 3 |  3.3
Poison Magic   | 1 2 3 |  3.3
Dodging        | 5 6 |  6.2
Unarmed Combat | 7 |  7.8

Action                   |  1- 3 |  4- 6 |  7- 9 || total
-------------------------+-------+-------+-------++-------
Melee: Unarmed           |    74 |   136 |   237 ||   447
       Kick              |     7 |    17 |     2 ||    26
       Bite              |     3 |     3 |       ||     6
       Headbutt          |     3 |    11 |       ||    14
       Punch             |       |     3 |       ||     3
 Cast: Beastly Appendage |    15 |    23 |     1 ||    39
       Spider Form       |     1 |     6 |    35 ||    42
 Abil: End Transformatio |       |       |     1 ||     1
  Use: Scroll            |       |     1 |       ||     1
       Potion            |       |       |     1 ||     1
 Stab: Sleeping          |     1 |     2 |     4 ||     7
Armor: Robe              |    13 |     8 |     7 ||    28
       Skin              |       |     1 |    16 ||    17
Dodge: Dodged            |    43 |    65 |   276 ||   384

Table legend: (Time is in decaauts)
 A = Elapsed time spent in this place.
 B = Non-inter-level travel time spent in this place.
 C = Inter-level travel time spent in this place.
 D = Time resting spent in this place.
 E = Time spent auto-exploring this place.
 F = Levels seen in this place.
 G = Mean time per level.
                   A        B        C        D        E       F      G
               +--------+--------+--------+--------+--------+-----+--------+
         Total |   8458 |   8109 |    349 |   2466 |   4058 |   8 | 1057.2 |
       Dungeon |   8271 |   7957 |    314 |   2466 |   3928 |   7 | 1181.6 |
        Temple |    187 |    152 |     35 |      0 |    130 |   1 |  187.0 |
               +--------+--------+--------+--------+--------+-----+--------+

Top non-repeatable levels by time:
     D:3: 1507 daAuts
     D:2: 1426 daAuts
     D:5: 1371 daAuts
     D:1: 1233 daAuts
     D:6: 1210 daAuts
     D:4: 1116 daAuts
     D:7: 406 daAuts
  Temple: 187 daAuts
